Cogmind - Beta 13 @@@ ROGUE MODE // 2024.06.26 @ 20:30:03 Player: JackZewap Result: Self-destructed Performance ------------- Evolutions (2) 1000 Regions Visited (4) 800 Robots Destroyed (15) 75 Value Destroyed (355) 355 Prototype IDs (6) 120 Alien Tech Used (0) 0 Bonus (0) 0 TOTAL SCORE: 2350 Bonus ------- None Cogmind --------- Core Integrity 9/550 Matter 300/300 Energy 95/100 System Corruption 0% Temperature Cool (9) Movement Treading (160) Location -8/Materials Parts ------- > --- POWER (1) -------- (None) > --- PROPULSION (4) --- Light Treads > --- UTILITY (4) ------ Signal Interpreter Hacking Suite > --- WEAPON (2) ------- (None) > --- INVENTORY (5) ---- Weight Redist. System Shock Bomb Launcher Missile Launcher Heavy Hammer Peak State ------------ > --- POWER ------------ Nuclear Core > --- PROPULSION ------- Improved Flight Unit Improved Flight Unit > --- UTILITY ---------- Small Storage Unit Weight Redist. System Experimental Sensor Array Signal Interpreter > --- WEAPON ----------- Missile Launcher > --- INVENTORY -------- Improved Flight Unit Compact Matter Pod ECM Suite Spread Laser Shock Bomb Launcher Heavy Hammer [Rating: 26] Favorites ----------- Power Light Nuclear Core Engine Ion Engine Power Core Light Nuclear Core Propulsion Improved Flight Unit Treads Light Treads Wheel Compact Wheel Flight Unit Improved Flight Unit Utility Small Storage Unit Device Weight Redist. System Storage Small Storage Unit Processor Signal Interpreter Hackware System Shield Protection Medium Armor Plating Weapon Medium Laser Energy Gun Medium Laser Ballistic Gun Minigun Launcher Missile Launcher Impact Weapon Heavy Hammer Build | -11 -10 -9 -9 -8 ------- Run | Yrd Mat Mat Min Mat Slots Evolved 4 | . . 2 . 2 Power . | . . . . . Propulsion 2 | . . . . 2 Utility 2 | . . 2 . . Weapon . | . . . . . Parts Attached 45 | 6 8 13 5 13 Power 7 | 1 2 3 . 1 Engine 3 | 1 . 1 . 1 Core 4 | . 2 2 . . Reactor . | . . . . . Propulsion 7 | 2 1 2 . 2 Treads 1 | . . . . 1 Leg . | . . . . . Wheel 3 | 2 1 . . . Hover . | . . . . . Flight 3 | . . 2 . 1 Utility 18 | 1 4 5 3 5 Device 8 | . 1 3 3 1 Storage 4 | 1 2 . . 1 Processor 2 | . . 2 . . Hackware 2 | . . . . 2 Protection 2 | . 1 . . 1 Artifact . | . . . . . Weapon 13 | 2 1 3 2 5 Energy Gun 8 | 2 1 2 1 2 Energy Cannon . | . . . . . Ballistic Gun 1 | . . . . 1 Ballistic Cannon . | . . . . . Launcher 3 | . . 1 1 1 Special Weapon . | . . . . . Impact Weapon 1 | . . . . 1 Slashing Weapon . | . . . . . Piercing Weapon . | . . . . . Special Melee Weapon . | . . . . . Unidentified Prototypes 2 | . . 1 1 . Parts Lost 10 | . . . 2 8 Power 2 | . . . 1 1 Propulsion 3 | . . . . 3 Utility 4 | . . . 1 3 Weapon 1 | . . . . 1 Highest Loss Streak 5 | . . . 1 5 To Critical Strikes . | . . . . . Average Slot Usage (%) 86 | . 96 87 82 63 Engine 1 | . 4 . . 3 Core 8 | . 9 10 6 . Wheel 14 | . 26 15 . . Flight 8 | . . 6 22 18 Device 9 | . 4 9 21 5 Storage 11 | . 14 11 11 7 Processor 6 | . . 9 11 9 Hackware 1 | . . . . 9 Protection 6 | . 8 7 . 1 Energy Gun 17 | . 27 15 10 5 Naked Turns . | . . . . . Heaviest Build 96 | 14 96 22 19 13 Greatest Support 26 | 26 26 26 16 15 Greatest Overweight (x) 4 | . 3 4 1 2 Average Overweight (x) . | . . . . . Largest Inventory Capacity 25 | 8 25 8 8 8 Average Capacity 8 | 6 8 8 8 7 Most Carried 8 | 1 8 8 6 7 Average Carried 5 | . 5 7 5 4 Final Capacity 8 | 8 8 8 8 5 Final Carried 8 | 1 8 6 6 4 Class Distribution -------------------- 100% | Mutant Dominant Class ---------------- Mutant | -10/Materials Mutant | -9/Materials Mutant | -9/Mines Mutant | -8/Materials Resources | -11 -10 -9 -9 -8 ----------- Run | Yrd Mat Mat Min Mat Matter Collected 728 | 193 127 170 238 . Remotely . | . . . . . Salvage Created 560 | . 216 281 18 45 Parts 24 | . 16 6 . 2 Haulers Intercepted 2 | . . 2 . . Recyclers Shooed . | . . . . . Parts Field Recycled . | . . . . . Retrieved Matter . | . . . . . Parts Self-Destructed . | . . . . . Prevented . | . . . . . Kills | -11 -10 -9 -9 -8 ------- Run | Yrd Mat Mat Min Mat Combat Hostiles Destroyed 8 | . 3 4 . 1 Guns 7 | . 3 3 . 1 Classes Destroyed 6 | . 4 1 . 1 Worker 3 | . 2 . 1 . Hauler 2 | . . 2 . . Operator 1 | . 1 . . . Watcher 1 | . 1 . . . Grunt 7 | . 3 4 . . Sentry 1 | . . . . 1 Best Kill Streak 4 | . 4 2 1 1 Combat Bots Only 3 | . 3 2 . 1 Max Kills in Single Turn 1 | . 1 1 1 1 Gunslinging . | . . . . . Exploded . | . . . . . Melee . | . . . . . Uniques/NPCs Destroyed . | . . . . . Combat | -11 -10 -9 -9 -8 -------- Run | Yrd Mat Mat Min Mat Hostile Shots Fired 167 | . 9 43 7 108 Missed 50 | . 2 15 2 31 Damage Taken 1850 | . 93 355 165 1237 Core 695 | . 18 47 89 541 Absorbed by Shields . | . . . . . Core Remaining (%) 86 | 100 92 . 66 . Volleys Fired 69 | . 14 37 5 13 Largest 2 | . 2 2 1 2 Hottest 115 | . 100 100 65 115 Shots Fired 116 | . 28 68 5 15 Gun 108 | . 28 65 2 13 Cannon . | . . . . . Launcher 8 | . . 3 3 2 Special . | . . . . . Kinetic 9 | . . . . 9 Thermal 99 | . 28 65 2 4 Explosive 6 | . . 3 3 . Electromagnetic 2 | . . . . 2 Robot Hit Streak 11 | . 11 10 10 4 Robot Miss Streak 7 | . 1 2 7 2 Penetration Max . | . . . . . Secondary Targets . | . . . . . Shots Hit Robots 78 | . 20 48 1 9 Core Hits 31 | . 12 13 3 3 Critical Kills . | . . . . . Critical Parts Destroyed . | . . . . . Critical Strikes 7 | . 2 5 . . Burn 7 | . 2 5 . . Melee Attacks 1 | . . . . 1 Impact 1 | . . . . 1 Slashing . | . . . . . Piercing . | . . . . . Sneak Attacks . | . . . . . Combat Hostiles . | . . . . . Follow-up Attacks . | . . . . . Damage Inflicted 1297 | . 247 676 22 352 Guns 1022 | . 247 629 22 124 Cannons . | . . . . . Explosions 274 | . . 47 . 227 Melee . | . . . . . Ramming 1 | . . . . 1 Kinetic 98 | . . . . 98 Thermal 1140 | . 247 629 22 242 Explosive 47 | . . 47 . . Electromagnetic 11 | . . . . 11 Impact . | . . . . . Slashing . | . . . . . Piercing . | . . . . . Highest Corruption 1 | . . 1 1 . Average Corruption 1 | . . 1 1 . Corruption Purged . | . . . . . Corruption Blocked . | . . . . . Effects 6 | . . 4 2 . Message Errors 2 | . . 1 1 . Matter Fused 2 | . . 1 1 . Parts Fused 1 | . . 1 . . Data Loss (minor) 1 | . . 1 . . Overload Shots . | . . . . . Overflow Damage . | . . . . . Projectiles . | . . . . . Explosions . | . . . . . Melee . | . . . . . Knockbacks . | . . . . . Impact . | . . . . . Kinetic . | . . . . . Secondary . | . . . . . Self-Inflicted Damage 88 | . . 21 . 67 Shots 2 | . . 1 . 1 Rammed 1 | . . . . 1 Targets Rammed 1 | . . . . 1 Kicked . | . . . . . Crushed . | . . . . . Highest Temperature 359 | . 359 345 30 102 Average Temperature 99 | . 126 93 18 44 Received Heat Transfer 363 | . 48 153 . 162 Effects 4 | . 2 2 . . Shutdowns 1 | . 1 . . . Matter Decay 1 | . . 1 . . Short Circuit 2 | . 1 1 . . Siege Activations . | . . . . . Robots Corrupted . | . . . . . Combat Hostiles . | . . . . . Parts Fried . | . . . . . Impact Corruptions . | . . . . . Robots Melted 1 | . . 1 . . Combat Hostiles 1 | . . 1 . . Parts Melted 7 | . 1 6 . . Heat Transferred 3247 | . 888 2132 25 202 Parts Sabotaged . | . . . . . Parts Stolen . | . . . . . Parts Stripped . | . . . . . Power Chain Reactions . | . . . . . Alert | -11 -10 -9 -9 -8 ------- Run | Yrd Mat Mat Min Mat Peak Influence 259 | . 147 259 64 124 Initial 61 | . . 61 30 24 Average 109 | . 111 159 44 72 Maximum Alert Level 1 | . . 1 . . Low Security (%) 85 | 100 100 59 100 100 Level 1 14 | . . 40 . . Level 2 . | . . . . . Level 3 . | . . . . . Level 4 . | . . . . . Level 5 . | . . . . . High Security . | . . . . . Max Security . | . . . . . Squads Dispatched 4 | . 2 1 . 1 Investigation 1 | . . 1 . . Extermination . | . . . . . Reinforcement 3 | . 2 . . 1 Assault . | . . . . . Garrison . | . . . . . Intercept . | . . . . . Searches Triggered . | . . . . . Construction Impeded . | . . . . . Haulers Reinforced . | . . . . . Active Scanning Responses . | . . . . . Cargo Convoy Interrupts . | . . . . . Stealth | -11 -10 -9 -9 -8 --------- Run | Yrd Mat Mat Min Mat Distress Signals 1 | . 1 . . . Communications Jammed . | . . . . . Distress Signals . | . . . . . Times Spotted 37 | . 7 12 11 7 Peak Tracking Total 10 | . 3 7 10 6 Tactical Retreats 3 | . . 1 2 . Traps | -11 -10 -9 -9 -8 ------- Run | Yrd Mat Mat Min Mat Traps Triggered 1 | . 1 . . . Indirectly . | . . . . . Trap Hack Attempts . | . . . . . Triggered . | . . . . . Disarmed . | . . . . . Reprogrammed . | . . . . . Reused . | . . . . . Traps Extracted . | . . . . . Installed . | . . . . . Triggered . | . . . . . Machines | -11 -10 -9 -9 -8 ---------- Run | Yrd Mat Mat Min Mat Machines Disabled 2 | . . . . 2 Max in Single Turn 1 | . . . . 1 Machines Repaired . | . . . . . Machines Dismantled . | . . . . . Machines Sabotaged . | . . . . . Overloaded Fab Kills . | . . . . . Hacking | -11 -10 -9 -9 -8 --------- Run | Yrd Mat Mat Min Mat Machines Accessed 9 | . 2 5 . 2 Terminals 9 | . 2 5 . 2 Fabricators . | . . . . . Repair Stations . | . . . . . Recycling Units . | . . . . . Scanalyzers . | . . . . . Garrison Access . | . . . . . Total Hacks 28 | . 6 16 . 6 Successful 16 | . 2 11 . 3 Failed 12 | . 4 5 . 3 Catastrophic 4 | . 1 1 . 2 Database Lockouts . | . . . . . Manual 22 | . 5 13 . 4 Terminals 28 | . 6 16 . 6 Fabricators . | . . . . . Repair Stations . | . . . . . Recycling Units . | . . . . . Scanalyzers . | . . . . . Garrison Access . | . . . . . Terminal Hacks 8 | . 1 5 . 2 Record 1 | . . 1 . . Robot Analysis 1 | . . 1 . . Prototype ID Bank 2 | . . 2 . . Terminal Index 1 | . . 1 . . Alert Level 3 | . 1 . . 2 Fabricator Hacks . | . . . . . Repair Station Hacks . | . . . . . Recycling Unit Hacks . | . . . . . Scanalyzer . | . . . . . Garrison Access Hacks . | . . . . . Unauthorized Hacks 8 | . 1 6 . 1 Terminals 8 | . 1 6 . 1 Assimilate 1 | . . 1 . . Botnet 7 | . 1 5 . 1 Fabricators . | . . . . . Repair Stations . | . . . . . Recycling Units . | . . . . . Scanalyzers . | . . . . . Garrison Access . | . . . . . Data Cores Recovered . | . . . . . Used . | . . . . . Hacking Detections 8 | . 2 4 . 2 Full Trace Events 2 | . 1 1 . . Feedback Events 1 | . . 1 . . Corruption 1 | . . 1 . . Feedback Blocked . | . . . . . Robot Schematics Acquired . | . . . . . Robots Built . | . . . . . Authchips . | . . . . . Time . | . . . . . Total Robot Build Rating . | . . . . . Part Schematics Acquired . | . . . . . Parts Built . | . . . . . Authchips . | . . . . . Time . | . . . . . Total Part Build Rating . | . . . . . Parts Repaired . | . . . . . Time . | . . . . . Parts Recycled . | . . . . . Recycled Matter . | . . . . . Retrieved Matter . | . . . . . Retrieved Components . | . . . . . Parts Scanalyzed . | . . . . . Part Schematics Acquired . | . . . . . Parts Damaged . | . . . . . Bothacking | -11 -10 -9 -9 -8 ------------ Run | Yrd Mat Mat Min Mat Used RIF Installer . | . . . . . Robots Hacked . | . . . . . Non-combat . | . . . . . Combat . | . . . . . Robot Hacks Applied . | . . . . . Relay Couplers Released . | . . . . . Fabnet Peak Effective % . | . . . . . Robots Rewired . | . . . . . Allies Hacked . | . . . . . Hacks Repelled . | . . . . . Allies | -11 -10 -9 -9 -8 -------- Run | Yrd Mat Mat Min Mat Total Allies . | . . . . . Largest Group . | . . . . . Highest-Rated Group . | . . . . . Highest-Rated Ally . | . . . . . Total Orders . | . . . . . Ally Attacks . | . . . . . Total Damage . | . . . . . Kills . | . . . . . Allies Corrupted . | . . . . . Allies Melted . | . . . . . Intel | -11 -10 -9 -9 -8 ------- Run | Yrd Mat Mat Min Mat Robot Analysis Total 1 | . . 1 . . Derelict Logs Recovered 1 | . . . 1 . Drone Launches . | . . . . . Drone Recoveries . | . . . . . Exploration | -11 -10 -9 -9 -8 ------------- Run | Yrd Mat Mat Min Mat Turns Passed 1169 | 51 385 419 163 151 Spaces Moved 1191 | 47 253 375 319 197 Core 23 | 1 . . . 22 Treads . | . . . . . Legs . | . . . . . Wheels 480 | 46 253 181 . . Hover . | . . . . . Flight 688 | . . 194 319 175 Fastest Speed 34 | 50 90 37 37 34 Average Speed 61 | 88 93 67 37 40 Slowest Speed 320 | 90 135 320 107 150 Overloaded Moves . | . . . . . Propulsion Burnouts . | . . . . . Robots Hopped 2 | . . . 1 1 Cave-ins Triggered . | . . . . . Exploration Rate (%) 33 | 3 40 38 59 29 Regions Visited 4 Branch Regions 1 Pre-discovered Areas . | . . . . . Known Exits Taken 2 | . . 1 1 . Unknown Exits Taken 2 | 1 1 . . . Scrap Searched 1 | . . . 1 . Spaces Dug 21 | . . . 20 1 Terrain Destroyed 111 | . . 38 46 27 Melee 1 | . . . . 1 Projectile . | . . . . . AOE 110 | . . 38 46 26 Terrain Rammed . | . . . . . Walls Destroyed . | . . . . . Machines Disabled . | . . . . . Actions | -11 -10 -9 -9 -8 --------- Run | Yrd Mat Mat Min Mat Total 1501 | 53 369 476 353 250 Wait 164 | . 88 32 24 20 Move 1183 | 46 252 374 316 195 Hop 2 | . . . 1 1 Pick Up 9 | 1 4 3 1 . Fast Attach 28 | 6 5 9 1 7 Attach 7 | . . 4 . 3 Detach 10 | . 2 4 . 4 Swap 10 | . 3 . 4 3 Drop 17 | . 1 13 1 2 Fire 69 | . 14 37 5 13 Melee 1 | . . . . 1 Ram . | . . . . . Kick . | . . . . . Crush 1 | . . . . 1 Escape Stasis . | . . . . . Rewire . | . . . . . Trap . | . . . . . Miscellaneous . | . . . . . Route ------- -11/Scrapyard -10/Materials -9/Materials (discovered 3 exits: *Mat / *Min / [*Sto]) -9/Mines -8/Materials History --------- Turn | Location | Event 33 | -11/Scrapyard | Discovered new exit (range 13) 52 | -11/Scrapyard | Entered Materials 171 | -10/Materials | Discovered new exit (range 13) 307 | -10/Materials | Build established: Mutant 437 | -10/Materials | Entered another Materials area 437 | -9/Materials | Evolved 2 slots: Utility x2 509 | -9/Materials | Discovered new exit (range 12) 637 | -9/Materials | Discovered new exit (range 6) 816 | -9/Materials | Discovered new exit (range 7) 856 | -9/Materials | Identified exit to Mines 856 | -9/Materials | Entered Mines 857 | -9/Mines | Met a Derelict bent on vengeance 859 | -9/Mines | Found a damaged Exp. Sensor Array with a note attached 859 | -9/Mines | Found Prototype Device 859 | -9/Mines | Identified Exp. Sensor Array 894 | -9/Mines | Assembled infested the area 1014 | -9/Mines | Discovered new exit (range 8) 1015 | -9/Mines | Learned Materials stockpile data 1019 | -9/Mines | Identified exit to Materials 1019 | -9/Mines | Entered Materials 1019 | -8/Materials | Evolved 2 slots: Propulsion x2 1131 | -8/Materials | Core integrity fell below 50% 1149 | -8/Materials | Core integrity fell below 20% 1161 | -8/Materials | Lost 5 parts (1p3n1u) 1170 | -8/Materials | Self-destructed Last Messages --------------- 01128_ Imp. Flight Unit destroyed. 01128_ Slug penetrates Wall. 01128_ Dropped Sml. Storage Unit. 01129_ Dropped Med. Laser. 01130_ Imp. Flight Unit destroyed. 01130_ Penetrated by Slug. 01139_ Acquired Minigun. 01141_ Acquired Reflective Plating. 01143_ Discarded System Shield. 01147_ Slug penetrates Wall. 01148_ Penetrated by Slug. 01155_ Y-45 Defender destroyed. 01163_ Reflective Plating destroyed. 01163_ Acquired Lgt. Treads. 01164_ Penetrated by Slug. 01166_ Com. Matter Pod destroyed. 01167_ Slammed into H-55 Commando. 01167_ Penetrated by Slug. 01169_ K-01 Serf collects debris. 01170_ Minigun destroyed. Map ----- +----------------------------------------------------+ | | | | | | | | | | | | | | | | | | | | | | | | | | | ????????????#############???????? | | ????????????# ###?????? | | ????######### ]] #?????? | | ????# ## ] #?????? | | ????# ## ] / #?????? | | ????# ## ######? | | ????# k ##] #? | | ????# ##[![ #? | | ?????? ?####"""""" " #? | | ?????###;####### " % #? | | ?????# Yr """# #? | | ?????# h%YY / """ #? | | ?????###@####### # # """ #? | | ?????# !h #??###### # """ #? | | ?????# #??""???# + #? | | ?????# "" #??"T"??# # """ #? | | ?????# """#] ??# # """ #? | | ?????# S"# """?# # """ #? | | ?????# # """?# # #? | | ?????######## """ # ######### | | ????????????# # | | ????????????# [[ + | | ????????????# [[ # | | ????????????# # ######### | | ????????????# ?# #? ""#??? | | ????????????# ?# #?""S#??? | | ????????????# ??# ##"" ###? | | ????????????######??# # #? | | ????????????????????# # #? | | ????????????????????# # #? | | ????????????????????# + #? | | ????????????????????# # #? | | ????????????????????# # ] #? | | ??????????#########?# ########? | | ??????????# !== ?# #???????? | | ??????????# !=/ # #???????? | | ??????????#[ !=/ # #???????? | +----------------------------------------------------+ Best States ------------- Heat Dissipation 38 Energy Generation 14 Energy Capacity 250 Matter Stores 341 Matter Capacity 450 Sight Range 18 Robot Scan Range 20 Terrain Scan Density 10 ECM Strength 1 Additional Mass Support 6 Armor Coverage 225 Resistance: TH 10 Evasion (%) 63 Recoil Reduction 1 Offensive Hacking 10 Defensive Hacking 10 Item Schematics ----------------- None Robot Schematics ------------------ None Fabricated ------------ Nothing Alien Tech Used ----------------- None Achievements -------------- None Challenges ------------ None Game ------ Seed ServoGravmagMultitool Manual? 0 Play Time 00:15:38 Cumulative 94.5 hours Start 2024.06.26 @ 20:12:21 End 2024.06.26 @ 20:30:03 Sessions 1 Manual Loads 0 Difficulty Rogue Special Mode None Game No. 110 Rogue 104 Adventurer 6 Explorer 0 Win Type - Total 0 Types 0/0/0/0/0/0/0/0/0 Lore% 36 Gallery% 53 Achievement% 38 Wizard Run 0 Options --------- Layout 0 ASCII 0 Keyboard 1 Movement Numpad Keybinds 0 Fullscreen 0 Font 14/Smallcaps Map View 76x50 Zoom Use 0% Tactical HUD 1 Map Filters NONE Filters NONE Steam 1 RUN: 73101186-1445-4423-ab86-5b0cb57b13ac